[Event "Khanty-Mansiysk FIDE GP (Women)"]
[Site "Khanty-Mansiysk"]
[Date "2014.04.15"]
[Round "6"]
[White "Zhao, Xue"]
[Black "Girya, Olga"]
[Result "0-1"]
[ECO "D10"]
[WhiteElo "2552"]
[BlackElo "2450"]
[Annotator "ChessBase Website"]
[PlyCount "86"]
[EventDate "2014.04.09"]
[EventType "tourn"]
[EventRounds "11"]
[EventCountry "RUS"]
[EventCategory "10"]
[SourceTitle "CBM 160"]
[Source "ChessBase"]
[SourceDate "2014.05.15"]
[SourceVersion "1"]
[SourceVersionDate "2014.05.15"]
[SourceQuality "1"]
[TimeControl "40/5400+30:1800+30"]
[WhiteClock "1:30:00"]
[BlackClock "1:30:00"]

1. d4 d5 2. c4 c6 3. e3 Nf6 4. Bd3 e5 5. dxe5 (5. Nc3 e4 6. Bc2 Bd6 7. f3 O-O 8.
fxe4 Nxe4 9. Nf3 f5 10. cxd5 Nxc3 11. bxc3 cxd5 12. O-O Nc6 13. Bb3 Be6 14. e4
fxe4 15. Ng5 Qe7 16. Re1 h6 17. Nxe6 Qxe6 18. Qh5 Rf5 19. Qh3 Raf8 20. Be3 Qf7
21. g3 Na5 22. Bd1 h5 23. Kh1 Nc4 24. Bg1 g6 25. Be2 b5 26. a4 b4 27. cxb4 Bxb4
28. Rf1 a5 29. Rxf5 Qxf5 30. Qxf5 Rxf5 31. Rc1 Bd2 32. Rd1 e3 33. Rb1 Na3 34.
Rb2 Bc1 {Zvjaginsev,V (2659)-Korneev,O (2622) St Petersburg 2013 1/2-1/2}) 5...
dxc4 6. exf6 cxd3 7. fxg7 {
[%emt 0:00:06] It is very unclear to me what Zhao Xue was thinking during the
opening. After only seven moves of chess she was clearly worse with White and
such a mistake is not forgivable for a grandmaster level player. Girya took
her advantage and kept putting pressure on White's position, until eventually
winning a queen endgame that was difficult to defend for White, if defendable
at all.} Bxg7 8. Nf3 Na6 $146 (8... O-O 9. O-O Bg4 10. h3 Bh5 11. Nbd2 a5 12. Rb1 Na6 13. a3 Nc7 14. Re1 a4
15. Nf1 f5 16. b3 Nb5 17. Bb2 Nc3 18. Bxc3 Bxc3 19. N1d2 Bxf3 20. Nxf3 Bxe1 21.
Nxe1 d2 22. Nf3 Qd3 23. bxa4 Rfd8 24. Rxb7 Qc3 25. Kh2 Rab8 26. Rxb8 Rxb8 27.
Nxd2 Rd8 28. Qb3+ Qxb3 29. Nxb3 Rd3 30. Nc5 Rc3 31. Nb7 Rxa3 32. a5 Kf8 33. Kg3
Ra4 34. Nd8 Rxa5 35. Nxc6 Rc5 36. Nd4 Kf7 37. Kf4 Kf6 38. f3 {Cvitan,O (2410)
-Kirov,N (2445) Baku 1983 1/2-1/2}) 9. O-O Bg4 10. h3 Bh5 11. Nbd2 Nc5 12. Rb1 f5 13. b4 Ne4 14. Bb2 Nxd2 15.
Qxd2 Bxf3 16. gxf3 Rg8 17. Kh2 Qd6+ 18. f4 O-O-O 19. Bxg7 Rxg7 20. Rg1 Rdg8 21. Rg3 Qd5 22. Rbg1 Rxg3 23. fxg3 h5 24. Rg2 Qe4 25. Kg1 Kc7 26. Kf2 h4 27. Rg1 hxg3+ 28. Rxg3 Rxg3 29. Kxg3 Qc4 30. Qb2 Qd5 31. Qd2 Qc4 32. Qb2 Qd5 33. Qd2 a5 34. bxa5 c5 35. h4 c4 36. h5 Qc5 37. h6 c3 38. Qxd3 c2 39. h7 c1=Q 40.
h8=Q Qg1+ 41. Kf3 Qc6+ 42. e4 fxe4+ 43. Qxe4 Qd1+ 0-1

[Event "Khanty-Mansiysk FIDE GP (Women)"]
[Site "Khanty-Mansiysk"]
[Date "2014.04.21"]
[Round "11"]
[White "Batchimeg, Tuvshintugs"]
[Black "Girya, Olga"]
[Result "1/2-1/2"]
[ECO "D10"]
[WhiteElo "2340"]
[BlackElo "2450"]
[Annotator "ChessBase Website"]
[PlyCount "137"]
[EventDate "2014.04.09"]
[EventType "tourn"]
[EventRounds "11"]
[EventCountry "RUS"]
[EventCategory "10"]
[SourceTitle "CBM 160"]
[Source "ChessBase"]
[SourceDate "2014.05.15"]
[SourceVersion "1"]
[SourceVersionDate "2014.05.15"]
[SourceQuality "1"]
[TimeControl "40/5400+30:1800+30"]
[WhiteClock "1:30:00"]
[BlackClock "1:30:00"]

1. d4 d5 2. c4 c6 3. cxd5 cxd5 4. Nc3 Nf6 5. Bf4 Nc6 6. e3 Bf5 7. Qb3 Na5 8. Qa4+ Bd7 9. Qc2 Rc8 (9... e6 10. Bd3 Nh5 11. Be5 Nc6 12. Qe2 Nxe5 13. dxe5 g6 14.
Nf3 Bb4 15. O-O a6 16. Qc2 Rc8 17. Qb3 Qa5 18. Rfc1 O-O 19. a3 Bxc3 20. Rxc3
Rxc3 21. Qxc3 Qxc3 22. bxc3 Rc8 23. Rc1 Ng7 24. Kf1 Ne8 25. Ke2 Kf8 26. Kd2 Nc7
27. Nd4 Ke7 28. Rb1 b5 29. h4 Na8 30. h5 Nb6 {1/2-1/2 (30) Vitiugov,N (2737)
-Dreev,A (2673) Caleta 2014}) 10. Bd3 e6 11.
Nf3 Be7 12. O-O a6 13. Ne5 Bb5 $146 (13... Bc6 14. Rac1
O-O 15. Qe2 Nd7 16. Rfd1 f5 17. Rc2 Nxe5 18. Bxe5 b5 19. h3 Qd7 20. Rdc1 Nc4
21. Bf4 Bf6 22. Nb1 e5 23. dxe5 Nxe5 24. Bxe5 Bxe5 25. Nd2 d4 26. Nf3 Bxf3 27.
Qxf3 Rxc2 28. Rxc2 dxe3 29. Qxe3 Re8 30. Qf3 g6 31. g3 Bg7 32. h4 h5 33. Kh2
Kh7 34. b3 Rd8 35. Rd2 Qd5 36. Qe2 Qe5 37. Qf3 Rd4 38. Re2 Qd6 39. Bc2 Rxh4+
40. Kg1 Rg4 41. Kf1 h4 42. gxh4 Rxh4 43. a4 {Nakhbayeva,G (2307)-Girya,O (2439)
Tashkent 2013 0-1 (107)}) 14. Bxb5+ axb5 15.
Qe2 b4 16. Qb5+ Nc6 17. Na4 O-O 18. Qxb7 {
[%emt 0:09:12] Tuvshintugs won a pawn in the Exchange Slav against Girya but
the Russian obtained a nagging rook on c2 that bound all of White's pieces.
She further sacrificed another pawn to obtain a blockading bishop on b4, and
despite White's material advantage it was unclear how to make progress.
Tuvshintugs managed to liberate herself by giving one pawn back, but the
resulting rook endgame was closer to a draw than to a win.} Nxe5 19. Bxe5 Rc2 $44 20. Bxf6 gxf6 21. Rac1 Qc8 22. Qxc8 Rfxc8 23. Rxc2 Rxc2 24. Rd1 Kf8 25.
Kf1 Ke8 26. Ke1 b3 27. axb3 Bb4+ 28. Kf1 Kd7 29. g4 Kc6 30. Kg2 Kc7 31. Kf3 Kc6 32. h4 h6 33. Rg1 Kc7 34. Rf1 Kd6 35. Ra1 Ke7 36. Rg1 Kd6 37.
Rf1 e5 38. dxe5+ fxe5 39. Rd1 Ke6 40. Nb6 Rc5 41. e4 dxe4+ 42.
Kxe4 Rc2 43. f4 exf4 44. Nd5 Bd6 45. Nxf4+ Bxf4 46. Kxf4 Rxb2 47. Rd3 Rb1 48. Rc3 Kd5 49. Rc7 Rf1+ 50. Kg3 f5 51. gxf5 Rxf5 52. Kg4 Rf6 53. Rb7 Kc6 54. Rh7 Kd5 55. Kh5 Rb6 56. Rxh6 Rxb3 57. Rf6 Ke5 58. Ra6 Kf5 59. Kh6 Rb8 60. Ra4 Rb6+ 61. Kh5 Rb8 62. Ra5+ Kf6 63. Ra6+ Kg7 64. Ra7+ Kg8 65. Kg6 Rb6+ 66. Kg5 Rb5+ 67. Kg6 Rb6+ 68. Kg5 Rb5+ 69. Kg6 1/2-1/2

[Event "EU-ch 12th"]
[Site "Aix les Bains"]
[Date "2011.03.30"]
[Round "8"]
[White "Khismatullin, Denis Rimovich"]
[Black "Vitiugov, Nikita"]
[Result "0-1"]
[ECO "D10"]
[WhiteElo "2662"]
[BlackElo "2720"]
[Annotator "Marchand,A/Primel,D"]
[PlyCount "74"]
[EventDate "2011.03.22"]
[EventType "swiss"]
[EventRounds "11"]
[EventCountry "FRA"]
[SourceTitle "CBM 142 Extra"]
[Source "ChessBase"]
[SourceDate "2011.06.27"]
[SourceVersion "1"]
[SourceVersionDate "2011.06.27"]
[SourceQuality "1"]
[TimeControl "40/5400+30:1800+30"]

1. d4 d5 2. c4 c6 3. Nc3 dxc4 (3... Nf6 {La grande ligne}) 4. e4 (4. a4 $143 e5
5. dxe5 Qxd1+ 6. Kxd1 Na6 $132 {Azmaiparashvili,Z (2660)-Gulko,B (2615) San
Roque 1996 (1) 1/2}) (4. e3 b5 5. a4 b4 6. Ne4) 4... b5 5. a4 b4 6. Nb1 (6. Na2
{La grande ligne} Nf6 7. e5 Nd5 8. Bxc4 e6 (8... Bf5 9. Ne2 e6 10. Ng3 Bg6 11.
h4 h6 12. h5 Bh7 13. O-O $6 (13. Qg4 $142 Nd7 14. O-O N7b6 15. Bb3
a5 16. Bd2 $14 {Bartel inf 114}) 13... Qh4 $132 {[%csl Rh5];Wojtaszek,R (2706)
-Bartel,M (2658) POL-ch Warsaw 2012 (4) 0-1}) 9. Nf3 Be7 10. Bd2 a5) (6. Nce2 {
L'alternative} Nf6 7. Ng3 Ba6) 6... Ba6 7. Qc2 (7. Nf3 e6) (7. Be3 Nf6 8. f3 e5
$132) 7... Nf6 (7... e5) 8. Nd2 {La tentative d'amélioration sur une partie
précédente de l'adversaire} (8. Bxc4 {Akobian,V (2628)-Vitiugov,N (2692) WchT
7th Bursa 2010 (3.4) 0-1}) 8... e6 $146 (8... c3 9. Bxa6 Nxa6 10. bxc3 e6 {
Onischuk,A (2701)-Caruana,F (2697) Reggio Emilia 53rd 2010 (7) 1/2}) 9. Bxc4
Bxc4 10. Qxc4 (10. Nxc4 $5 {Les Blancs ont des bonnes compensations après ce
gambit} Qxd4 11. f3 Be7 12. Bf4 (12. Ne2) (12.
Be3 Qd8 13. Rd1 Nbd7 (13... Qc7) 14. Ne2 O-O 15. O-O c5) 12... O-O 13. Rd1 Qc5
14. Ne2 Nbd7 15. Be3 $36) 10... c5 $1 11. Ngf3 (11. dxc5 Nbd7 12. Nb3 Rc8 13.
Be3 Ng4 14. Bd4 e5 15. h3 exd4 16. hxg4 Nxc5 (16... Bxc5) 17. Nf3 $14) 11...
Nbd7 12. O-O cxd4 (12... Be7 13. e5 Nd5 14. Ne4 (14. Nb3)
14... cxd4 15. Qxd4 O-O) 13. e5 Nd5 14. Nb3 (14. Ne4 Rc8 (14... Qb6 15. a5) 15. Qxd4 Bc5 16. Nxc5 Nxc5 17.
Qg4 g6 (17... O-O 18. Bh6) 18. Bh6 $16 ) 14... Be7 15.
Qxd4 (15. Nbxd4 Rc8 $132) 15... Qc7 (15... O-O 16. Qg4 ) 16. Qe4
Rc8 17. Nbd4 O-O 18. Bd2 Qc4 (18... a5 19. Rac1 Nc5
$11 ) (18... Nc5) 19. Rfd1 (19. Rac1 Qa6 20. b3 Nc5 (
20... Nc3)) 19... Nc5 20. Qg4 $1 Rfd8 21. Bh6 $36 (21.
Rac1 $5 Qa6 22. b3 Bf8) 21... Bf8 22. Bg5 Rd7 23. h3 b3 (23... Nb3 $5 24. Nxb3 Qxb3 ) 24. Nd2 Qb4 $1 25. N4xb3 $2 (
25. N2f3 $142 $13) (25. Ne4 h5 $1) 25... Qxg4 26. hxg4 Nd3 $36 27. Nf3 Nxb2 28. Rdb1 Nd3 $19 29. Nbd2 h6 30. Bh4 Nc3 31.
Rb3 Nxe5 32. Nxe5 Rxd2 33. Rb7 g5 34. Bg3 Ne2+ 35. Kf1 Nxg3+ 36. fxg3 Rcc2 37.
Rxf7 Bg7 0-1

[Event "Metz op 31th"]
[Site "Metz"]
[Date "2013.04.20"]
[Round "1"]
[White "Svetushkin, Dmitry"]
[Black "Hilverda, Alexander"]
[Result "1-0"]
[ECO "D10"]
[WhiteElo "2588"]
[BlackElo "2329"]
[Annotator "Metz Alekhine/Primel,D"]
[PlyCount "75"]
[EventDate "2013.04.20"]
[EventType "swiss"]
[EventRounds "9"]
[EventCountry "FRA"]
[SourceTitle "EXT 2016"]
[Source "ChessBase"]
[SourceDate "2015.10.08"]
[SourceVersion "1"]
[SourceVersionDate "2015.10.08"]
[SourceQuality "1"]
[TimeControl "40/5400:1800+30"]
[WhiteClock "1:30:00"]
[BlackClock "1:30:00"]

1. d4 d5 2. c4 c6 3. Nc3 dxc4 4. e4 (4. e3 b5 5. a4 b4 6. Ne4) 4... b5 (4... e5
{L'altenative} 5. Nf3 exd4 6. Qxd4 Qxd4 7. Nxd4 b5 8. a4 b4 9. Nd1 Ba6 10. Be3
Nf6 11. f3 Nfd7 12. Rc1 Ne5 13. Nf2 {Hausrath,D (2425)-Miltner,A (2375)
Bundesliga 9697 1996 [4] 1-0} (13. f4 Nd3+ 14. Bxd3 cxd3 15. Nxc6 {Jones,G 
(2645)-Lalic,B Kilkenny Masters 2013 (4.3) 1/2} (15. Nf2 $142 {Lalic inf 119}))
) 5. a4 b4 6. Na2 Nf6 7. e5 Nd5 8. Bxc4 e6 9. Nf3 a5 10. Bd2 (10. O-O {La
grande ligne} Be7 11. Bd2 O-O 12. Nc1) (10. Ng5 Be7 11. Qh5 Bxg5 12. Bxg5 Qb6
13. Qh4 b3 14. Nc3 Nxc3 15. bxc3 Ba6 16. Bxa6 Qxa6 17. Ra3 c5 18. Rxb3 Qc4 19.
Rb7 O-O 20. Qg3 cxd4 21. cxd4 Nc6 22. Bh6 g6 23. Qb3 Qxd4 24. O-O Rfb8 25. Qb5
Qd5 26. Qxd5 exd5 27. Rd7 Rd8 28. Rxd8+ Rxd8 29. Bg5 Rb8 30. h3 Rb4 31. Rd1
Rxa4 32. Rxd5 Rc4 33. Bh6 Rh4 34. Bg5 Rc4 35. Bh6 Rh4 36. Bg7 Nb8 37. Rd7 {
1/2-1/2 (37) Aronian,L (2813)-Bluebaum,M (2511) Meissen 2013}) 10... Ba6 11.
Qe2 Bxc4 12. Qxc4 Nb6 13. Qc2 Qd5 14. Nc1 c5 $5 $146 {[%cal Gb8d7,Ga8c8,Gc8c2]
Les Noirs veulent jouer activement à l'aile-dame pour essayer de profiter de
l'exposition de la Qc2 mais au risque de laisser le K Noir au centre} (14...
N8d7 15. Nd3 c5 16. Nf4 Qb7 17. dxc5 Nxc5 18. O-O b3 19. Qb1 g6 20. Rc1 Be7 21.
Be3 Nbxa4 22. h4 Qb4 23. h5 Rd8 24. hxg6 hxg6 25. Nxg6 fxg6 26. Qxg6+ Kd7 27.
Qf7 Nd3 28. Nd4 Nac5 29. Rxc5 Nxc5 30. Rd1 Kc8 31. Rc1 Rd7 32. Qxe6 Kb7 33.
Qc6+ Kb8 34. e6 Rxd4 35. Bxd4 Qxd4 36. Qb6+ Kc8 37. Qc6+ Kd8 38. Qb6+ Ke8 39.
Qb8+ Qd8 40. Qe5 Rh6 {0-1 (40) Korobov,A (2670)-Grigoryan,A (2595) Moscow 2011}
) 15. Ne2 N8d7 16. O-O (16. Nf4 Qb7 17. Be3 Rc8 $132) 16... Rc8 $11 (16... cxd4 17. Nf4 Qb7 18. Qd3 Bc5 19. Rfc1 Nd5 (19... O-O $2
20. Ng5) 20. Nxd4 Nxe5 21. Qe4 Nd7 22. Nxd5 Qxd5 23. Qxd5 exd5 24. Nb3 Bb6 25.
Rc6 $32 O-O 26. Rac1 Rfe8) 17. Nf4 Qb7 18. Rfc1 $32 cxd4 (18...
Be7 {Plus solide} 19. Qd3 O-O 20. Qb5 {Moins bon dans cet ordre de coups que
dans la partie} Qa8 (20... c4 21. Qxa5 g5 $13 (21... c3)) 21. dxc5 Rxc5 $132)
19. Qd3 Bc5 (19... Rxc1+ 20. Bxc1 (20. Rxc1 Nxa4) 20... Be7 (20... Bc5)) 20.
Qb5 $1 O-O 21. Nd3 Qd5 22. Qxa5 Nc4 23. Qb5 Nxd2 24.
Nxd2 Rb8 (24... Rc7 ) 25. Qc4 Rfc8 26. Qxd5 exd5 {[%csl
Ga4,Rd4,Rd5] La partie devient difficile pour les Noirs avec une mauvaise
structure et face à un P passé} 27. a5 $36 Be7 28. Kf1 (28. Nb3) 28... Kf8
29. Rxc8+ Rxc8 30. Nb3 $18 f6 31. f4 fxe5 32. fxe5 Bg5 33. a6 Nb6 34. a7 Ke8
35. Ra6 Na8 36. Nxd4 Be3 37. Nf5 Bc5 38. Nxg7+ 1-0

[Event "Metz op 31th"]
[Site "Metz"]
[Date "2013.04.25"]
[Round "9"]
[White "Jankovic, Alojzije"]
[Black "Vishnu, Prasanna V"]
[Result "1-0"]
[ECO "D10"]
[WhiteElo "2537"]
[BlackElo "2470"]
[Annotator "Metz Alekhine/Primel,D"]
[PlyCount "73"]
[EventDate "2013.04.20"]
[EventType "swiss"]
[EventRounds "9"]
[EventCountry "FRA"]
[SourceTitle "EXT 2016"]
[Source "ChessBase"]
[SourceDate "2015.10.08"]
[SourceVersion "1"]
[SourceVersionDate "2015.10.08"]
[SourceQuality "1"]
[TimeControl "40/5400:1800+30"]
[WhiteClock "1:30:00"]
[BlackClock "1:30:00"]

1. d4 d5 2. c4 c6 3. Nc3 Nf6 4. cxd5 {La variante d'échange de la Slave a un
caractère très annulant mais elle donne des positions assez techniques
pouvant avantager le meilleur joueur.} cxd5 5. Bf4 Nc6 6. e3 Bf5 7. Qb3 $5 {
Une idée intéressante retardant le coup naturel Nf3 pour tenter de profiter
de la sortie Bf5} Na5 $8 (7... Qb6 $143 $6 8. Qxb6 axb6 9. Bb5 $16) 8. Qa4+ {84
} (8. Bb5+ Bd7 9. Qa4 e6 10. Nf3 a6 11. Bxd7+ Nxd7 $11 {Shishkin,V (2507)
-Sieciechowicz,M (2390) Poznan op-A 18th 2009 (4) 1/2-1/2}) 8... Bd7 {87} 9.
Qc2 Rc8 10. Bd3 {Retarde à nouveau la sortie Nf3 afin de garder l'option de
jouer Nge2} e6 11. Nf3 (11. Nge2 {Possible également mais après la poussée
e6, le clouage Bg4 n'est plus à craindre et Nf3 est donc plus naturel.}) 11...
Bb4 $1 (11... Be7 {Plus passif} 12. O-O O-O 13. Ne5 $14 {Fressinet,L (2718)
-Gelfand,B (2751) EU-Cup 26th Plovdiv 2010 (5.1) 1/2-1/2}) 12. O-O h6 (12...
Nc4 $5) 13. Ne5 {69} O-O {68} 14. h3 Qe8 $146 (14... a6 15. a3 Bxc3 {Nguyen
Thanh Son (2444)-Nguyen Huynh Minh,H (2500) VIE-chT Nha Trang 2009 (11) 1/2-1/2
}) (14... Qe7 15. Rfc1 Rfd8 16. Qd1 Bxc3 17. bxc3 Be8 18. c4 dxc4 19. Nxc4 Nxc4
20. Bxc4 Bc6 21. Be5 Nd7 22. Bg3 Nb6 23. Bf1 Nd5 24. Qb3 Qd7 25. Qa3 a6 26.
Rab1 Ba4 27. Rc5 Rxc5 28. dxc5 Bc6 29. Rd1 Qe8 30. Qa5 Rd7 31. Bd6 Ne7 32. Rd2
Qd8 33. Qb4 Nf5 34. Bd3 Qg5 35. Be4 Bxe4 36. Qxe4 Qd8 37. g4 Nxd6 38. cxd6 Rxd6
39. Rxd6 Qxd6 40. Qxb7 Qd1+ 41. Kg2 Qa4 42. Qb8+ Kh7 43. Qb1+ g6 44. Qb7 {
Soffer,R (2516)-Postny,E (2635) Acre 2013 1/2-1/2}) 15. a4 Nc6 {36 Joué
après une longue réflexion et l'indien a maintenant un sérieux retard à la
pendule.} 16. Qb3 Qe7 17. Rfc1 Rfd8 18. Ne2 Bd6 19. Qxb7 Rb8
20. Nxc6 Rxb7 21. Nxe7+ Bxe7 22. Rc7 Rb3 23. Nc3 Rxb2 24. Rxa7 Rb3 25. Bc7 $36 (25. Rc1 Rc8 26. Bc7 Ba3
27. Rc2 $14) 25... Rc8 26. Ba6 $1 Rxc7 (26... Rxc3 $2 27. Bxc8 Bxc8 28. Ba5 ) 27. Rxc7 Bd6 28. Ra7 $2 (28. Nxd5 $142 {
Curieusement, les Blancs qui avaient encore 15 mns à la pendule, ratent ce
coup intermédiaire qui aurait probablement assuré un gain rapide.} exd5 29.
Rb7 $18) 28... Rxc3 29. a5 Rb3 30. Rb7 Rc3 31. Ra7 {Une petite répétition de
coups pour gagner du temps avec l'incrément} Rb3 32. Bb7 Kf8
33. a6 $18 Ke7 34. Ra8 Rb2 35. Rh8 Ne8 36. Rxe8+ $1 Bxe8 37. a7 1-0

[Event "Cappelle op 32nd"]
[Site "Cappelle la Grande"]
[Date "2016.02.17"]
[Round "6"]
[White "Berkes, Ferenc"]
[Black "Sergeev, Vladimir"]
[Result "1-0"]
[ECO "D10"]
[WhiteElo "2649"]
[BlackElo "2441"]
[Annotator "Primel,D"]
[PlyCount "133"]
[EventDate "2016.02.13"]
[EventType "swiss"]
[EventRounds "9"]
[EventCountry "FRA"]
[SourceTitle "EXT 2017"]
[Source "ChessBase"]
[SourceDate "2016.10.25"]
[SourceVersion "1"]
[SourceVersionDate "2016.10.25"]
[SourceQuality "1"]
[TimeControl "40/5400+30:1800+30"]
[WhiteClock "1:30:00"]
[BlackClock "1:30:00"]

1. d4 Nf6 2. c4 c6 3. Nc3 d5 4. e3 Bg4 5. f3 Bc8 (5... Be6 6. Nge2 dxc4 7. Nf4
Qc8 8. e4 g6 9. g4 Bg7 10. h4 h6 11. b3 cxb3 12. axb3 Nbd7 13. Nxe6 fxe6 14. e5
Qc7 15. exf6 Qg3+ 16. Ke2 Nxf6 17. Qd3 O-O-O 18. Rxa7 Kb8 19. Ra4 Rhf8 20. Rh3
Qc7 21. Be3 e5 22. Qc4 Nd5 23. Nxd5 Rxd5 24. Qd3 exd4 25. Bd2 Rf6 26. Kd1 Re6
27. f4 Qb6 28. Bg2 Rc5 29. Rc4 Rb5 30. f5 gxf5 31. gxf5 Rd6 32. Kc2 Qa7 33. Kb2
Re5 34. Ra4 Qb6 35. Bf4 {Mamedyarov,S (2757)-Kamsky,G (2705) Sofia 2007 1-0})
6. Bd3 e6 7. Nge2 c5 8. cxd5 exd5 9. O-O Nc6 10. Kh1 a6 $146 (10... cxd4 11.
exd4 Be7 12. Bc2 O-O 13. Bg5 h6 14. Bh4 b6 15. Bb3 Ba6 16. Re1 Bc4 17. Bxc4
dxc4 18. Qa4 Na5 19. Ng3 Nd5 20. Bxe7 Nxe7 21. Rad1 Nc8 22. Nf5 Nd6 23. Nxd6
Qxd6 24. Re4 Rad8 25. Rde1 a6 26. d5 Rd7 27. h3 Rfd8 28. Re8+ Kh7 29. Rxd8 Rxd8
30. Re8 Rxe8 31. Qxe8 f5 32. Qe6 Qxe6 33. dxe6 Nb7 34. Nd5 b5 35. e7 Nd6 36.
Nc7 b4 37. Nxa6 c3 38. bxc3 bxc3 39. Nb4 Kg6 40. Kg1 {Chernin,A (2565)-Meduna,
E (2485) Sochi 1986 1-0}) 11. a3 h6 12. Bb1 cxd4 13. exd4 Bd6 14. Ba2 Ne7 15.
Bf4 O-O 16. Rc1 Ng6 17. Bxd6 Qxd6 18. Qb3 Re8 19. Rfe1 Be6 20. Na4 Bd7 21. Nac3
Bc6 22. Qc2 Nf4 23. Qd2 Nxe2 24. Nxe2 Nh5 25. Kg1 Re7 26. g4 Nf6 27. Qf4 Qe6
28. Kf2 Rae8 29. Qd2 Qd6 30. Ng3 h5 31. Rxe7 Rxe7 32. Rh1 g6 33. gxh5 Nxh5 34.
Nxh5 gxh5 35. Qg5+ Kf8 36. Rg1 Re6 37. Qg3 Ke7 38. Qxd6+ Kxd6 39. Rg5 Rh6 40.
h4 Rh8 41. Bb3 a5 42. Bd1 f6 43. Rg7 Bd7 44. f4 b6 45. Bf3 Be6 46. b4 a4 47.
Rb7 Kc6 48. Ra7 Bg4 49. Rf7 Bxf3 50. Rxf6+ Kb5 51. Kxf3 Kc4 (51... Rc8 52. Re6
(52. Rh6 Rc3+) 52... Rc3+ 53. Re3 Rc1) 52. Rxb6 Kxd4 53. f5 Kc3 54. f6 Kb3 55.
Ke3 Kxa3 56. Kd4 Rd8 57. f7 Kb3 58. Rf6 Rf8 59. Kxd5 a3 60. Ke6 a2 61. Rf1 Rb8
62. b5 Kb2 63. Ke7 Rb7+ 64. Kf6 a1=Q 65. Rxa1 Kxa1 66. f8=Q Rxb5 67. Qa3+ 1-0